 Dungeon Sprint DCSS version 0.24.0-123-gd5b16e6ec5 (webtiles) character file.

Game seed: 12325535523113143482, levelgen mode: deterministic

96836 Groucho the Hoplite (level 16, -18/153 HPs)
             Began as a Formicid Fighter on Dec 30, 2019.
             Was a High Priest of Cheibriados.
             Killed from afar by a hellephant (71 damage)
             ... with a blast of flame
             ... in the Dungeon (Sprint VII: "The Pits").
             The game lasted 00:24:18 (9023 turns).

Groucho the Hoplite (Formicid Fighter)              Turns: 9023, Time: 00:24:19

Health: -18/153    AC: 36    Str: 34    XL:     16   Next: 67%
Magic:  0/30       EV: 24    Int: 25    God:    Cheibriados [*****.]
Gold:   34         SH: 29    Dex: 29    Spells: 15/15 levels left

rFire    . . .     SeeInvis +   u - +2 war axe of Greed {flame, rC+}
rCold    + . .     Gourm    .   I - +1 large shield
rNeg     + . .     Faith    .   N - +2 crystal plate armour
rPois    .         Spirit   .   (helmet unavailable)
rElec    .         Reflect  .   J - +1 cloak
rCorr    .         Harm     .   F - +2 pair of gloves
MR       +....                  (no boots)
Stlth    ..........             z - amulet of the acrobat
HPRegen  0.35/turn              S - ring of Oseixzot {rN+ EV+6}
MPRegen  0.22/turn              q - +5 ring of slaying

@: studying 2 skills, very slow
A: permanent stasis, dig shafts and tunnels, four strong arms, antennae 3
a: Dig, Bend Time, Temporal Distortion, Slouch, Step From Time, Renounce
Religion


You were in the Dungeon.
You worshipped Cheibriados.
Cheibriados was extremely pleased with you.
You were very hungry.

You visited 1 branch You collected 34 gold pieces.

Inventory:

Hand Weapons
 c - a +5 broad axe
 u - the +2 war axe of Greed (weapon) {flame, rC+}
   (You found it in the Dungeon)

   It has been specially enchanted to burn those struck by it, causing extra
   injury to most foes and up to half again as much damage against particularly
   susceptible opponents.
   Big, fiery blades are also staple armaments of hydra-hunters.
   It protects you from cold.
 v - a +3 battleaxe
 A - the +6 morningstar "Gaij" {pain, +Blink Dex+3}
   (You found it in the Dungeon)

   In the hands of one skilled in necromantic magic, it inflicts extra damage on
   living creatures.
   It affects your dexterity (+3).
   It lets you blink.
 K - a +4 broad axe
 P - a +1 vampiric broad axe
Missiles
 O - 16 javelins (quivered)
Armour
 F - a +2 pair of gloves (worn)
 H - +3 shadow dragon scales
 I - a +1 large shield (worn)
 J - a +1 cloak (worn)
 N - a +2 crystal plate armour (worn)
Jewellery
 a - the amulet of Xom's Bemusement {Regen+ Int+2}
   (You found it in the Dungeon)

   [amulet of regeneration]

   It affects your intelligence (+2).
   It increases your rate of regeneration.
 b - the amulet of Equilibrium {+Rage rF- rC+ Str+2 SInv}
   (You found it in the Dungeon)

   [amulet of rage]

   It affects your strength (+2).
   It makes you vulnerable to fire.
   It protects you from cold.
   It lets you see invisible.
   It lets you go berserk.
 l - the amulet "Marat" {+Rage +Inv}
   (You found it in the Dungeon)

   [amulet of rage]

   It lets you turn invisible.
   It lets you go berserk.
 q - a +5 ring of slaying (right hand)
 s - the amulet "Uqeloet" {+Rage rElec rPois Str+3}
   (You found it in the Dungeon)

   [amulet of rage]

   It affects your strength (+3).
   It insulates you from electricity.
   It protects you from poison.
   It lets you go berserk.
 w - the ring of the Priest {rF+ MR+}
   (You found it in the Dungeon)

   [ring of protection from magic]

   It protects you from fire.
   It affects your resistance to hostile enchantments.
 y - the amulet "Ofuxi" {+Rage Int-4 Dex+3 SInv}
   (You found it in the Dungeon)

   [amulet of rage]

   It affects your intelligence (-4).
   It affects your dexterity (+3).
   It lets you see invisible.
   It lets you go berserk.
 z - an amulet of the acrobat (around neck)
 C - the amulet of the Chupacabra {+Rage Int+4}
   (You found it in the Dungeon)

   [amulet of rage]

   It affects your intelligence (+4).
   It lets you go berserk.
 G - the amulet of Attitude {Reflect Int+3 SH+3}
   (You found it in the Dungeon)

   [amulet of reflection]

   It shields you and reflects attacks.
   It affects your intelligence (+3).
   It affects your SH (+3).
 M - the amulet of the Dozen Wonders {+Rage Str+4}
   (You found it in the Dungeon)

   [amulet of rage]

   It affects your strength (+4).
   It lets you go berserk.
 Q - the ring "Meakefy" {AC+6 Int+4 Dex+4}
   (You found it in the Dungeon)

   [ring of protection]

   It affects your AC (+6).
   It affects your intelligence (+4).
   It affects your dexterity (+4).
 R - the ring "Sisips" {Int+6 Stlth+}
   (You found it in the Dungeon)

   [ring of intelligence]

   It affects your intelligence (+6).
   It makes you more stealthy.
 S - the ring of Oseixzot (left hand) {rN+ EV+6}
   (You found it in the Dungeon)

   [ring of evasion]

   It affects your evasion (+6).
   It protects you from negative energy.
 T - the amulet "Iqap" {Spirit Dex+10}
   (You found it in the Dungeon)

   [amulet of guardian spirit]

   It causes incoming damage to be split between your health and magic.
   It affects your dexterity (+10).
 V - the ring "Qony" {rC+ MP+9 Int+4 Dex+5}
   (You found it in the Dungeon)

   [ring of magical power]

   It affects your intelligence (+4).
   It affects your dexterity (+5).
   It protects you from cold.
   It affects your magic capacity (+9).
 X - the amulet "Xaezakuv" {Spirit +Inv rF+ Str-4}
   (You found it in the Dungeon)

   [amulet of guardian spirit]

   It causes incoming damage to be split between your health and magic.
   It affects your strength (-4).
   It protects you from fire.
   It lets you turn invisible.
 Y - the ring of Reimbursement {rPois rN+ Int+3}
   (You found it in the Dungeon)

   [ring of poison resistance]

   It affects your intelligence (+3).
   It protects you from poison.
   It protects you from negative energy.
 Z - the ring "Toxuas" {rC+ rN+}
   (You found it in the Dungeon)

   [ring of positive energy]

   It protects you from cold.
   It protects you from negative energy.
Wands
 h - a wand of digging (6)
 L - a wand of disintegration (12)
Scrolls
 n - 6 scrolls of remove curse
 o - 5 scrolls of amnesia
 p - a scroll of summoning
 x - a scroll of identify
 B - 3 scrolls of enchant weapon
 D - a scroll of fear
 E - 3 scrolls of fog
Potions
 d - 3 potions of might
 e - 8 potions of curing
 g - 10 potions of heal wounds
 i - 4 potions of magic
 m - a potion of invisibility
 r - a potion of cancellation {unknown}
 t - 2 potions of agility
Books
 U - a manual of Transmutations
 W - a manual of Bows
Comestibles
 f - 11 rations


   Skills:
 + Level 21.9 Fighting
 - Level 18.9 Axes
 + Level 12.3 Throwing
 + Level 21.9 Armour
 + Level 11.4 Dodging
 + Level 23.5 Shields
 - Level 20.0 Invocations


You had 15 spell levels left.
You didn't know any spells.
Your spell library contained the following spells:

 Spells                   Type           Power        Failure   Level  Hunger
 Animate Skeleton         Necr           N/A          65%         1    ##.....
 Apportation              Tloc           #.....       65%         1    ##.....
 Confusing Touch          Hex            #.....       65%         1    ##.....
 Corona                   Hex            #......      65%         1    ##.....
 Flame Tongue             Conj/Fire      #....        65%         1    ##.....
 Magic Dart               Conj           #...         65%         1    ##.....
 Pain                     Necr           #...         65%         1    ##.....
 Sting                    Conj/Pois      #...         65%         1    ##.....
 Summon Butterflies       Summ           #.......     65%         1    ##.....
 Summon Small Mammal      Summ           #...         65%         1    ##.....
 Call Imp                 Summ           #.......     80%         2    ###....
 Passwall                 Tmut/Erth      #.......     80%         2    ###....
 Slow                     Hex            #.......     80%         2    ###....
 Throw Frost              Conj/Ice       #.....       80%         2    ###....
 Confuse                  Hex            #.......     95%         3    ####...
 Conjure Flame            Conj/Fire      #.......     95%         3    ####...
 Inner Flame              Hex/Fire       #.......     95%         3    ####...
 Mephitic Cloud           Conj/Pois/Air  #.......     95%         3    ####...
 Regeneration             Chrm/Necr      #.........   95%         3    ####...
 Spectral Weapon          Hex/Chrm       #.......     95%         3    ####...
 Spider Form              Tmut/Pois      #.........   95%         3    ####...
 Summon Guardian Golem    Hex/Summ       #.......     95%         3    ####...
 Vampiric Draining        Necr           #.........   95%         3    ####...
 Animate Dead             Necr           N/A          100%        4    #####..
 Cause Fear               Hex            #.........   100%        4    #####..
 Fulminant Prism          Conj/Hex       #.........   100%        4    #####..
 Sticky Flame             Conj/Fire      #.......     100%        4    #####..
 Alistair's Intoxication  Tmut/Pois      #.......     100%        5    ######.
 Bolt of Magma            Conj/Fire/Erth #.........   100%        5    ######.
 Iskenderun's Battlesphe  Conj/Chrm      #.......     100%        5    ######.
 Summon Mana Viper        Hex/Summ       #.......     100%        5    ######.
 Venom Bolt               Conj/Pois      #.........   100%        5    ######.
 Yara's Violent Unravell  Hex/Tmut       #.........   100%        5    ######.
 Bolt of Fire             Conj/Fire      #.........   100%        6    #######
 Iron Shot                Conj/Erth      #.........   100%        6    #######
 Shadow Creatures         Summ           N/A          100%        6    #######
 Statue Form              Tmut/Erth      #........    100%        6    #######
 Dragon Form              Tmut           #.........   100%        7    #######
 Malign Gateway           Summ/Tloc      #.........   100%        7    #######
 Monstrous Menagerie      Summ           #.........   100%        7    #######
 Orb of Destruction       Conj           #.........   100%        7    #######
 Ring of Flames           Chrm/Fire      #.........   100%        7    #######
 Spellforged Servitor     Conj/Summ      #.........   100%        7    #######
 Summon Greater Demon     Summ           #.........   100%        7    #######
 Disjunction              Tloc           #.........   100%        8    #######
 Summon Horrible Things   Summ           #.........   100%        8    #######
 Dragon's Call            Summ           #.........   100%        9    #######
 Blink                    Tloc           Unusable     N/A         2    N/A
 Controlled Blink         Tloc           Unusable     N/A         8    N/A

Dungeon Overview and Level Annotations

Branches:
Dungeon (1/1)

Altars:
Ashenzari
Cheibriados
Dithmenos
Elyvilon
Fedhas
Gozag
Hepliaklqana
Kikubaaqudgha
Makhleb
Nemelex Xobeh
Okawaru
Qazlal
Ru
Sif Muna
Trog
Uskayaw
Vehumet
Wu Jian
Xom
Yredelemnul
Zin
The Shining One
Beogh
Jiyva
Lugonu


Innate Abilities, Weirdness & Mutations

You cannot be hasted, slowed, berserked, paralysed or teleported.
You can dig through walls and to a lower floor.
Your four strong arms can wield two-handed weapons with a shield.
You have a pair of large antennae on your head. (SInv)


Message History

Cheibriados appreciates the change of pace.
You are feeling very hungry.
The titan is engulfed in poison gas.
The titan looks as sick as possible!
The titan completely misses you.
Unknown command.
Unknown command.
You can feel time thicken for a moment.
You kill the titan!
Cheibriados appreciates the change of pace.
You feel somewhat more hungry.
Cheibriados lowers the support of your attributes as your movement quickens.
The green draconian hits you but does no damage.
You block the green draconian's attack.
Unknown command.
You slice the eye of draining!! You burn the eye of draining!
You kill the eye of draining!
You closely miss the green draconian. The hellephant breathes flames at you.
The blast of flame hits you!!!
You die...

####################
[:})!#....#...#......#
..#...........#......#
.............#...)..#
.{#..#..Y.#...#....).#
..○..##..##..)##...###
....#......#)#..#.#..#
#...d....)[(......#
..Y.#..)@..#)#).#.#..#
.....##..##...##...######
..#. #....#...#...)..##..
.. ..........#......##..
..#...........#......''..
{
)|"))#....#...#......''..
######################..
#######################..


{{{{ #....................''.. You could see a hellephant and a green draconian.

Vanquished Creatures
  An ancient lich (D)
  A deep elf master archer (D)
  A deep elf blademaster (D)
  A titan (D)
  A death cob (D)
  A shadow dragon (D)
  Kirke (D)
  4 nagarajas (D)
  A deep elf sorcerer (D)
  2 frost giants (D)
  A ghost moth (D)
  Aizul (D)
  2 orc warlords (D)
  A spriggan defender (D)
  A draconian shifter (D)
  A draconian annihilator (D)
  A stone giant (D)
  A green draconian (D)
  2 red draconians (D)
  2 apis (D)
  A minotaur (D)
  A white draconian (D)
  Nessos (D)
  A purple draconian (D)
  2 black draconians (D)
  A yellow draconian (D)
  A blizzard demon (D)
  4 eidola (D)
  3 deep elf death magi (D)
  An ogre mage (D)
  A hell beast (D)
  3 vault guards (D)
  4 naga warriors (D)
  A hydra (D)
  A spriggan air mage (D)
  2 catoblepae (D)
  A merfolk aquamancer (D)
  2 two-headed ogres (D)
  3 death knights (D)
  A death yak (D)
  2 vampire magi (D)
  A soul eater (D)
  A sixfirhy (D)
  A spriggan druid (D)
  2 shadow wraiths (D)
  2 flayed ghosts (D)
  A deep troll (D)
  2 wizards (D)
  11 orc knights (D)
  2 phantasmal warriors (D)
  3 large abominations (D)
  A wolf spider (D)
  An ugly thing (D)
  5 deep elf magi (D)
  An orc sorcerer (D)
  A manticore (D)
  A naga mage (D)
  A smoke demon (D)
  A black mamba (D)
  3 eyes of devastation (D)
  Joseph (D)
  A spiny frog (D)
  A yaktaur (D)
  A rime drake (D)
  2 ice devils (D)
  A jumping spider (D)
  A merfolk (D)
  2 wandering mushrooms (D)
  A wind drake (D)
  A troll (D)
  A polar bear (D)
  2 bog bodies (D)
  4 dream sheep (D)
  A hippogriff (D)
  A flying skull (D)
  4 water elementals (D)
  A tarantella (D)
  9 redbacks (D)
  A ynoxinul (D)
  A wyvern (D)
  A yak (D)
  5 hogs (D)
  A fire elemental (D)
  2 steam dragons (D)
  2 neqoxecs (D)
  3 vampire mosquitoes (D)
  A chaos spawn (D)
  A warg (D)
  A water moccasin (D)
  3 floating eyes (D)
  3 phantoms (D)
  An orc warrior (D)
  An ice beast (D)
  6 wolves (D)
  2 eyes of draining (D)
  2 ogres (D)
  2 centaurs (D)
  2 bullfrogs (D)
  An earth elemental (D)
  A small abomination (D)
  A crimson imp (D)
  An orc priest (D)
  A jelly (D)
  2 orc wizards (D)
  2 worker ants (D)
  2 hell rats (D)
  A mummy (D)
  2 gnolls (D)
  A river rat (D)
  An ufetubus (D)
  An adder simulacrum (D)
  2 orcs (D)
  A bat zombie (D)
  A goblin (D)
  A hobgoblin (D)
  A kobold (D)
  A quokka (D)
  2 ball pythons (D)
  A bat (D)
  A frilled lizard (D)
  A leopard gecko zombie (D)
  A quokka zombie (D)
  A crawling corpse (D)
212 creatures vanquished.

Notes
Turn   | Place    | Note
-------+----------+-------------------------------------------
     0 | D        | Groucho the Formicid Fighter began the quest for the Orb.
     0 | D        | Reached XP level 1. HP: 18/18 MP: 1/1
    41 | D        | Found a bloodstained altar of Trog.
    41 | D        | Found a shimmering blue altar of Sif Muna.
    41 | D        | Found a viscous altar of Jiyva.
    41 | D        | Found a hazy altar of Hepliaklqana.
    41 | D        | Found an opulent altar of Gozag.
    42 | D        | Found a glowing golden altar of the Shining One.
    42 | D        | Found a glowing silver altar of Zin.
    42 | D        | Found a basalt altar of Yredelemnul.
    42 | D        | Found a shimmering altar of Xom.
    42 | D        | Found an ornate altar of the Wu Jian Council.
    42 | D        | Found a sacrificial altar of Ru.
    42 | D        | Found a stormy altar of Qazlal.
    42 | D        | Found an iron altar of Okawaru.
    42 | D        | Found a sparkling altar of Nemelex Xobeh.
    42 | D        | Found a burning altar of Makhleb.
    42 | D        | Found a blossoming altar of Fedhas.
    42 | D        | Found a white marble altar of Elyvilon.
    42 | D        | Found a shadowy altar of Dithmenos.
    42 | D        | Found a snail-covered altar of Cheibriados.
    44 | D        | Found a radiant altar of Vehumet.
    44 | D        | Found a corrupted altar of Lugonu.
    44 | D        | Found a roughly hewn altar of Beogh.
    45 | D        | Found a hide-covered altar of Uskayaw.
    45 | D        | Found an ancient bone altar of Kikubaaqudgha.
    45 | D        | Found a shattered altar of Ashenzari.
    53 | D        | Became a worshipper of Cheibriados the Contemplative
    71 | D        | Reached skill level 4 in Shields
    89 | D        | Reached * piety under Cheibriados
    89 | D        | Reached skill level 1 in Invocations
    92 | D        | Reached XP level 2. HP: 16/25 MP: 2/2
   452 | D        | Reached ** piety under Cheibriados
   520 | D        | Reached XP level 3. HP: 15/31 MP: 4/4
   977 | D        | Noticed a floating eye
   987 | D        | Reached skill level 5 in Shields
   987 | D        | Reached XP level 4. HP: 35/38 MP: 1/6
   990 | D        | Killed a floating eye
   990 | D        | Reached skill level 5 in Fighting
   990 | D        | Reached skill level 6 in Shields
   990 | D        | Reached skill level 5 in Invocations
   990 | D        | Reached XP level 5. HP: 42/46 MP: 2/8
  1066 | D        | Reached *** piety under Cheibriados
  1068 | D        | Noticed a flying skull
  1068 | D        | Noticed a centaur
  1080 | D        | Noticed a phantom
  1112 | D        | Killed a flying skull
  1112 | D        | Reached skill level 7 in Shields
  1112 | D        | Reached XP level 6. HP: 34/55 MP: 8/10
  1117 | D        | Reached **** piety under Cheibriados
  1117 | D        | Reached skill level 8 in Shields
  1130 | D        | Reached XP level 7. HP: 33/61 MP: 10/12
  1484 | D        | Reached ***** piety under Cheibriados
  1484 | D        | Reached skill level 9 in Shields
  1487 | D        | Noticed a yak
  1496 | D        | Killed a yak
  1496 | D        | Reached XP level 8. HP: 63/70 MP: 14/14
  1500 | D        | Reached ****** piety under Cheibriados
  1528 | D        | Noticed an orc sorcerer
  1529 | D        | Noticed a phantasmal warrior
  1531 | D        | Killed an orc sorcerer
  1531 | D        | Reached skill level 10 in Shields
  1535 | D        | Killed a phantasmal warrior
  1535 | D        | Reached skill level 10 in Fighting
  1535 | D        | Reached skill level 10 in Armour
  1535 | D        | Reached skill level 11 in Shields
  1535 | D        | Reached skill level 10 in Invocations
  1535 | D        | Reached XP level 9. HP: 30/79 MP: 4/16
  1884 | D        | Got the +2 war axe of Greed {flame, rC+}
  1957 | D        | Noticed a phantasmal warrior
  1970 | D        | Noticed a smoke demon
  1974 | D        | Killed a phantasmal warrior
  1974 | D        | Reached skill level 10 in Axes
  1974 | D        | Reached skill level 12 in Shields
  1983 | D        | Killed a smoke demon
  1983 | D        | Reached XP level 10. HP: 69/88 MP: 14/18
  2064 | D        | Noticed a deep elf mage
  2074 | D        | Killed a deep elf mage
  2088 | D        | Noticed a flayed ghost
  2096 | D        | Killed a flayed ghost
  2174 | D        | Noticed a two-headed ogre
  2179 | D        | Reached skill level 13 in Shields
  2181 | D        | Killed a two-headed ogre
  2185 | D        | Noticed a deep elf mage
  2196 | D        | Killed a deep elf mage
  2201 | D        | Noticed a deep troll
  2204 | D        | Reached XP level 11. HP: 64/96 MP: 11/20
  2210 | D        | Killed a deep troll
  2215 | D        | Noticed a ghost moth
  2228 | D        | Killed a ghost moth
  2228 | D        | Reached skill level 14 in Shields
  2553 | D        | Noticed a flayed ghost
  2554 | D        | Noticed a death yak
  2559 | D        | Killed a flayed ghost
  2566 | D        | Killed a death yak
  2818 | D        | Noticed a spriggan druid
  2827 | D        | Killed a spriggan druid
  3284 | D        | Noticed a large abomination
  3284 | D        | Noticed a manticore
  3287 | D        | Noticed a deep elf mage
  3287 | D        | Noticed Nessos
  3289 | D        | Killed Nessos
  3289 | D        | Reached skill level 15 in Shields
  3289 | D        | Reached XP level 12. HP: 107/107 MP: 16/23
  3290 | D        | Reached skill level 15 in Invocations
  3400 | D        | Got Sif Muna's Almanac of the Escort and Bewitchment
  3549 | D        | Noticed a shadow wraith
  3560 | D        | Killed a shadow wraith
  3826 | D        | Noticed an eidolon
  3830 | D        | Killed an eidolon
  3830 | D        | Reached skill level 16 in Shields
  3856 | D        | Noticed a merfolk aquamancer
  3859 | D        | Reached skill level 15 in Fighting
  3859 | D        | Reached skill level 15 in Armour
  3864 | D        | Killed a merfolk aquamancer
  4446 | D        | Noticed an orc warlord
  4447 | D        | Noticed an orc warlord
  4454 | D        | Reached skill level 15 in Axes
  4454 | D        | Reached XP level 13. HP: 116/116 MP: 8/25
  4457 | D        | Killed an orc warlord
  4457 | D        | Reached skill level 17 in Shields
  4462 | D        | Killed an orc warlord
  4744 | D        | Noticed a naga warrior
  4760 | D        | Killed a naga warrior
  4761 | D        | Noticed a naga warrior
  4781 | D        | Killed a naga warrior
  5187 | D        | Noticed a deep elf master archer
  5188 | D        | Noticed a vault guard
  5189 | D        | Noticed a vault guard
  5194 | D        | Killed a vault guard
  5197 | D        | Killed a deep elf master archer
  5205 | D        | Reached skill level 18 in Shields
  5216 | D        | Killed a vault guard
  5384 | D        | Noticed a deep elf blademaster
  5392 | D        | Killed a deep elf blademaster
  5395 | D        | Noticed a naga warrior
  5395 | D        | Noticed a naga warrior
  5396 | D        | Noticed an apis
  5404 | D        | Killed a naga warrior
  5405 | D        | Killed an apis
  5405 | D        | Reached XP level 14. HP: 127/128 MP: 6/27
  5679 | D        | Found the +5 demon whip "Spellbinder" {antimagic, MR+}
  5694 | D        | Got the +6 morningstar "Gaij" {pain, +Blink Dex+3}
  5840 | D        | Noticed a death cob
  5855 | D        | Killed a death cob
  5855 | D        | Reached skill level 19 in Shields
  5856 | D        | Noticed a stone giant
  5866 | D        | Killed a stone giant
  5872 | D        | Noticed Joseph
  5873 | D        | Identified the +9 quarterstaff "Worm" {elec, *Drain +Rage
                  | rElec Str+4}
  5882 | D        | Killed Joseph
  5892 | D        | Noticed a large abomination
  5912 | D        | Killed a large abomination
  5916 | D        | Noticed a nagaraja
  5938 | D        | Killed a nagaraja
  6385 | D        | Noticed a minotaur
  6385 | D        | Noticed Aizul
  6386 | D        | Reached skill level 20 in Shields
  6390 | D        | Killed a minotaur
  6391 | D        | Killed Aizul
  6769 | D        | Noticed a red draconian
  6769 | D        | Noticed a nagaraja
  6779 | D        | Killed a red draconian
  6779 | D        | Reached skill level 1 in Throwing
  6779 | D        | Reached skill level 1 in Dodging
  6779 | D        | Reached XP level 15. HP: 135/139 MP: 29/29
  6793 | D        | Killed a nagaraja
  6795 | D        | Noticed a nagaraja
  6824 | D        | Killed a nagaraja
  7243 | D        | Reached skill level 5 in Throwing
  7260 | D        | Reached skill level 21 in Shields
  7261 | D        | Reached skill level 5 in Dodging
  7277 | D        | Noticed a red draconian annihilator
  7284 | D        | Noticed a white draconian shifter
  7286 | D        | Killed a red draconian annihilator
  7296 | D        | Killed a white draconian shifter
  7304 | D        | Noticed an ancient lich
  7306 | D        | Noticed a frost giant
  7308 | D        | Noticed a deep elf sorcerer
  7312 | D        | Killed a deep elf sorcerer
  7317 | D        | Killed an ancient lich
  7319 | D        | Killed a frost giant
  7319 | D        | Reached skill level 22 in Shields
  7647 | D        | Got the ring of the Priest {rF+ MR+}
  7649 | D        | Got the ring "Meakefy" {AC+6 Int+4 Dex+4}
  7653 | D        | Got the ring "Sisips" {Int+6 Stlth+}
  7655 | D        | Got the ring of Oseixzot {rN+ EV+6}
  7657 | D        | Got the ring "Ciwunwaam" {MR++ SInv}
  7659 | D        | Got the ring of Miracles {+Inv Int+6 Dex+3}
  7661 | D        | Got the ring "Liveh" {*Drain rElec Str+3 Int+6 Dex+5}
  7664 | D        | Got the ring "Affuck" {Fire rPois MR+ Str+2 Int-4}
  7666 | D        | Got the ring "Bonue" {Dex+6 Stlth+}
  7668 | D        | Got the ring of Reimbursement {rPois rN+ Int+3}
  7670 | D        | Got the ring "Toxuas" {rC+ rN+}
  7686 | D        | Got the ring "Joinubea" {*Corrode rC+ Dex+6 Slay+3}
  7688 | D        | Got the ring "Koamies" {rC- MR+ Str+2 Slay+2 SInv}
  7815 | D        | Got the amulet of Gexuat {+Blink +Rage rC- Str+3}
  7817 | D        | Got the ring "Lajoh" {Fire Dex+3}
  7820 | D        | Got the amulet of the Commoners {RegenMP rN+ Str+10 Dex-2
                  | SInv}
  7822 | D        | Got the amulet "Uqeloet" {+Rage rElec rPois Str+3}
  7824 | D        | Got the amulet of Attitude {Reflect Int+3 SH+3}
  7826 | D        | Got the ring "Qony" {rC+ MP+9 Int+4 Dex+5}
  7829 | D        | Got the amulet "Xaezakuv" {Spirit +Inv rF+ Str-4}
  7857 | D        | Got the amulet of Xom's Bemusement {Regen+ Int+2}
  7859 | D        | Got the amulet of Equilibrium {+Rage rF- rC+ Str+2 SInv}
  7861 | D        | Got the amulet "Marat" {+Rage +Inv}
  7863 | D        | Got the amulet "Ofuxi" {+Rage Int-4 Dex+3 SInv}
  7866 | D        | Got the amulet of the Chupacabra {+Rage Int+4}
  7868 | D        | Got the amulet of the Dozen Wonders {+Rage Str+4}
  7870 | D        | Got the amulet "Iqap" {Spirit Dex+10}
  7893 | D        | Noticed a nagaraja
  7905 | D        | Killed a nagaraja
  7905 | D        | Reached XP level 16. HP: 147/150 MP: 30/30
  7911 | D        | Got the Guide on the Entrancing Rocks
  7916 | D        | Got the Collected Works on Changing and the Volcanoes
  7925 | D        | Got the Disquisition on Igneous Beguiling
  7944 | D        | Got the Disquisition on Spatial Conjuration
  8061 | D        | Noticed Kirke
  8063 | D        | Noticed a sphinx
  8065 | D        | Reached skill level 10 in Throwing
  8067 | D        | Killed Kirke
  8109 | D        | Noticed a frost giant
  8121 | D        | Killed a frost giant
  8121 | D        | Reached skill level 10 in Dodging
  8773 | D        | Noticed a shadow dragon
  8783 | D        | Reached skill level 23 in Shields
  8784 | D        | Killed a shadow dragon
  9013 | D        | Noticed a hellephant
  9013 | D        | Noticed a titan
  9022 | D        | Killed a titan
  9023 | D        | Killed from afar by a hellephant

Levels and vault maps discovered:
D:        pitsprint [storerooms_1, entrance_room_1, metal_vault_3, armoury_2,
          mini_pit_1, grid_room_1, main_hall_1, silver_pit, the_coven_1,
          the_vestibule_1, steel_vault_4, golden_pit, hallway_of_sentries,
          crystal_vault_1, iron_vault_2, final_vault]

Skill      XL: |  1  2  3  4  5  6  7  8  9 10 11 12 13 14 15 16 |
---------------+-------------------------------------------------+-----
Shields        | 4 5 6 7 8 9 11 12 13 15 16 18 20 22 23 | 23.5
Invocations    | 1 2 3 5 6 7 8 10 11 13 14 16 18 20 | 20.0
Fighting       | 4 5 7 8 10 11 12 14 15 17 19 20 21 | 21.9
Axes           | 3 4 6 7 9 10 11 12 15 17 18 | 18.9
Armour         | 4 6 7 8 10 11 12 14 15 17 19 20 21 | 21.9
Throwing       | 1 9 12 | 12.3
Dodging        | 1 8 11 | 11.4

Action                   |  1- 3 |  4- 6 |  7- 9 | 10-12 | 13-15 | 16-18 || total
-------------------------+-------+-------+-------+-------+-------+-------++-------
Melee: War axe           |    43 |    61 |    45 |   127 |   265 |    54 ||   595
Throw: Javelin           |       |       |       |       |    21 |       ||    21
Invok: Bend Time         |     1 |       |       |       |       |       ||     1
       Slouch            |       |       |     4 |    16 |    30 |    16 ||    66
  Use: Potion            |       |     2 |       |       |    16 |     1 ||    19
 Stab: Invisible         |       |     2 |       |       |       |       ||     2
  Eat: Ration            |       |       |       |     1 |     3 |       ||     4
       Chunk             |       |       |       |     2 |     3 |       ||     5
Armor: Scale mail        |    16 |       |       |       |       |       ||    16
       Plate armour      |       |    27 |    15 |    72 |    48 |       ||   162
       Crystal plate arm |       |       |       |       |    31 |    15 ||    46
Dodge: Dodged            |     8 |    15 |     8 |    37 |    39 |    49 ||   156
Block: Shield            |    26 |    48 |    19 |   117 |    36 |       ||   246
       Large shield      |       |       |       |       |   178 |    77 ||   255
